 Dungeon Crawl Stone Soup version 0.18.1-5-g4a78601 (webtiles) character file.

704 Crast the Twirler (level 7, -2/44 HPs)
             Began as a Gargoyle Gladiator on May 10, 2016.
             Slain by a wasp zombie (4 damage)
             ... on level 7 of the Dungeon.
             The game lasted 00:07:37 (2570 turns).

Crast the Twirler (Gargoyle Gladiator)              Turns: 2570, Time: 00:07:37

Health: -2/44      AC: 11    Str: 20    XL:     7   Next: 66%
Magic:  7/7        EV: 12    Int:  9    God:
Gold:   143        SH:  0    Dex: 10    Spells: 0 memorised, 6 levels left

rFire  . . .     SeeInvis .     a - +0 quarterstaff
rCold  . . .     Gourm    .     l - +0 ring mail
rNeg   + . .     Faith    .     (shield currently unavailable)
rPois  ∞         Spirit   .     c - +0 helmet
rElec  +         Dismiss  .     (no cloak)
rCorr  .         Reflect  .     (no gloves)
SustAt .         Harm     .     (no boots)
MR     .....     Rnd*Tele +     (no amulet)
Stlth  +.........               (no ring)
                                h - ring of teleportation (curse)

@: not resistant to hostile enchantments, very unstealthy
A: negative energy resistance 1, electricity resistance, unbreathing,
petrification resistance, rot immunity, AC +4
a: no special abilities


You were on level 7 of the Dungeon.
You were not hungry.

You visited 1 branch of the dungeon, and saw 7 of its levels.

You collected 143 gold pieces.

Inventory:

Hand Weapons
 a - a +0 quarterstaff (weapon)
Missiles
 d - 3 throwing nets (quivered)
Armour
 b - a +0 leather armour
 c - a +0 helmet (worn)
 l - a +0 ring mail (worn)
Jewellery
 h - a cursed ring of teleportation (left hand)
 y - an uncursed amulet of the gourmand {unknown}
Wands
 u - a wand of flame (17/48)
 v - a wand of polymorph (15/24)
Scrolls
 e - a scroll of enchant weapon {unknown}
 g - a scroll of teleportation {unknown}
 j - a scroll of blinking {unknown}
 k - a scroll of identify {unknown}
 r - a scroll of immolation {unknown}
 t - a scroll of fog {unknown}
 x - a scroll of enchant armour {unknown}
Potions
 i - a potion of berserk rage {unknown}
 m - a potion of ambrosia {unknown}
 n - 2 potions of brilliance {unknown}
 o - 2 potions of curing {unknown}
 p - a potion of mutation {unknown}
 q - a potion of might
 s - a potion of magic {unknown}
Books
 w - a Fen Folio

   Spells                             Type                      Level
   a - Corpse Rot                     Necromancy                   2
   b - Stone Arrow                    Conjuration/Earth            3
   c - Leda's Liquefaction            Hexes/Earth                  4
   d - Summon Forest                  Summoning/Translocation      5
   e - Hydra Form                     Transmutation                6
   f - Summon Hydra                   Summoning                    7
Comestibles
 f - 3 bread rations
 z - a meat ration


   Skills:
 + Level 4.5 Fighting
 + Level 5.0 Staves
 + Level 2.0 Throwing
 + Level 2.8 Armour
 + Level 4.9 Dodging
 + Level 0.2 Stealth


You had 6 spell levels left.
You didn't know any spells.

Dungeon Overview and Level Annotations

Branches:
Dungeon (7/15)
 Temple: D:4-7

Altars:

Shops:
D:6 =

Annotations:
D:7 Iamsock's ghost, novice DsFi


Innate Abilities, Weirdness & Mutations

You are resistant to torment.
Your stone body is resilient (AC +4).
You are immune to poison.
You resist negative energy.
You are resistant to electric shocks.
You can survive without breathing.
You are immune to petrification.
You are immune to rotting.


Message History

Iamsock's ghost barely misses you.
The wasp zombie hits you but does no damage.
You barely miss Iamsock's ghost. Iamsock's ghost hits you.
* * * LOW HITPOINT WARNING * * *
Iamsock's ghost freezes you.
* * * LOW HITPOINT WARNING * * *
The wasp zombie barely misses you.
You barely miss Iamsock's ghost. The wasp zombie misses you.
Iamsock's ghost hits you.
* * * LOW HITPOINT WARNING * * *
Iamsock's ghost freezes you.
* * * LOW HITPOINT WARNING * * *
The wasp zombie closely misses you.
You hit Iamsock's ghost but do no damage.
Iamsock's ghost hits you but does no damage.
The wasp zombie closely misses you.
You hit Iamsock's ghost.
Iamsock's ghost is lightly damaged.
Iamsock's ghost closely misses you. The wasp zombie hits you.
You die...

#######.# ##.....).##.
... ....
##....<...##.##.##...##
#..........#.#.........
#..........#.#........#
#....<.....#.#........#
#.................>...#
#..........##.ZW......#
###.............@......#
...<.........##........#
.#..........#########.##
..>...........
............###
#...........#
.#..........#
...........##
..........#


You could see Iamsock's ghost and a wasp zombie.

Vanquished Creatures
  A sky beast (D:6)
  An ice beast (D:7)
  An ogre (D:4)
  A giant frog (D:6)
  A scorpion (D:6)
  3 crimson imps
  A hound (D:5)
  A giant frog skeleton (D:6)
  Natasha (D:3)
  4 worker ants
  A worm (D:4)
  2 dart slugs (D:1)
  A giant gecko (D:1)
  4 bats (D:1)
  2 giant cockroaches
  2 goblins (D:1)
  6 hobgoblins
  3 jackals (D:6)
  3 kobolds (D:1)
  A quokka (D:4)
  A giant gecko skeleton (D:6)
  4 giant newts
  4 rats (D:1)
49 creatures vanquished.

Notes
Turn   | Place    | Note
--------------------------------------------------------------
     0 | D:1      | Crast the Gargoyle Gladiator began the quest for the Orb.
     0 | D:1      | Reached XP level 1. HP: 12/12 MP: 1/1
    39 | D:1      | Reached XP level 2. HP: 18/18 MP: 2/2
   535 | D:1      | Reached XP level 3. HP: 14/22 MP: 3/3
  1132 | D:3      | Noticed Natasha
  1142 | D:3      | Killed Natasha
  1156 | D:3      | Reached XP level 4. HP: 22/27 MP: 4/4
  1176 | D:4      | Reached skill level 1 in Armour
  1407 | D:4      | Noticed an ogre
  1414 | D:4      | Killed an ogre
  1414 | D:4      | Reached XP level 5. HP: 25/32 MP: 5/5
  1420 | D:5      | Entered Level 5 of the Dungeon
  1442 | D:5      | Reached skill level 4 in Staves
  1462 | D:6      | Reached XP level 6. HP: 7/37 MP: 6/6
  1626 | D:6      | Noticed a sky beast
  1639 | D:6      | Killed a sky beast
  1804 | D:6      | Reached XP level 7. HP: 27/43 MP: 7/7
  1946 | D:6      | Paralysed by fainting for 11 turns
  1985 | D:6      | Paralysed by fainting for 7 turns
  2004 | D:6      | Paralysed by fainting for 11 turns
  2034 | D:6      | Found Iduklyjai's Jewellery Shoppe.
  2551 | D:7      | Reached skill level 5 in Staves
  2562 | D:7      | Noticed Iamsock's ghost (novice DsFi)
  2568 | D:7      | HP: 2/44 [Iamsock's ghost (1)]
  2570 | D:7      | Slain by a wasp zombie

Skill      XL: |  1  2  3  4  5  6  7 |
---------------+----------------------+-----
Throwing       | 2 |  2.0
Dodging        | 3 4 |  4.9
Armour         | 1 2 |  2.8
Staves         | 4 5 |  5.0
Fighting       | 3 4 |  4.5
Stealth        | |  0.2

Action                   |  1- 3 |  4- 6 |  7- 9 || total
-------------------------+-------+-------+-------++-------
Melee: Quarterstaff      |    89 |    91 |    76 ||   256
  Eat: Chunk             |     1 |       |       ||     1
       Bread ration      |       |       |     1 ||     1
Armor: Leather armour    |    28 |       |       ||    28
       Ring mail         |    48 |    41 |    54 ||   143
Dodge: Dodged            |   112 |    43 |    51 ||   206
